 Dungeon Crawl Stone Soup version 0.31-a0-237-g2d982f9f85 (webtiles) character file.

Game seed: 5208566682969838202

142 reriks the Trooper (level 5, -3/57 HPs)
             Began as an Ogre Berserker on July 12, 2023.
             Was a Believer of Trog.
             Shot with a sling bullet by a gnoll (9 damage)
             ... on level 3 of the Dungeon.
             The game lasted 00:02:48 (2299 turns).

reriks the Trooper (Ogre Berserker)                 Turns: 2299, Time: 00:02:49

Health: -3/57      AC:  4    Str: 23    XL:     5   Next: 24%
Magic:  5/5        EV: 10    Int:  8    God:    Trog [**....]
Gold:   92         SH:  0    Dex:  8    Spells: 4/4 levels left

rFire   . . .        a - +0 hand axe
rCold   . . .        (no shield)
rNeg    . . .        b - +0 animal skin
rPois   .            (helmet restricted)
rElec   .            c - +0 cloak
rCorr   .            (gloves unavailable)
SInv    .            (boots unavailable)
Will    +++..        (no amulet)
Stlth   +            (no ring)
HPRegen 1.29/turn    (no ring)
MPRegen 0.09/turn

%: no passive effects
@: strong-willed (expiring), enlightened, flying, regenerating (expiring)
A: large, unfitting armour, tough skin 1
a: Renounce Religion, Berserk, Trog's Hand


You were on level 3 of the Dungeon.
You worshipped Trog.
Trog was pleased with you.
You visited 1 branch of the dungeon, and saw 3 of its levels.

You collected 92 gold pieces.

Inventory:

Hand Weapons
 a - a +0 hand axe (weapon)
Missiles
 n - 3 throwing nets
Armour
 b - a +0 animal skin (worn)
 c - a +0 cloak (worn)
 k - a scarf of shadows
Scrolls
 g - a scroll of vulnerability {unknown}
 h - 2 scrolls of poison {unknown}
 i - a scroll of enchant weapon {unknown}
 j - a scroll of blinking {unknown}
 l - a scroll of identify {unknown}
 p - a scroll of torment {unknown}
 q - a scroll of enchant armour {unknown}
 r - a scroll of butterflies {unknown}
 s - a scroll of amnesia {unknown}
Potions
 d - a potion of berserk rage {unknown}
 e - a potion of curing {unknown}
 f - a potion of brilliance {unknown}
 m - a potion of enlightenment
 o - a potion of attraction {unknown}


   Skills:
 + Level 5.5 Fighting
 + Level 4.0 Axes
 + Level 3.7 Dodging


You had 4 spell levels left.
You didn't know any spells.
Your spell library was empty.

Dungeon Overview and Level Annotations

Branches:
Dungeon (3/15)

Altars:


Innate Abilities, Weirdness & Mutations

You are too large for most types of armour.
You have tough skin. (AC +1)


Message History

There are monsters nearby!
There are monsters nearby!
You are too injured to fight recklessly!
You hear a shout!
The gnoll hits you from afar with a +0 spear.
The gnoll shoots a sling bullet.
The sling bullet barely misses you.
The gnoll throws a throwing net.
The throwing net hits you.
You become entangled in the net!
You see here a throwing net.
You struggle against the net.
The gnoll shoots a sling bullet.
The sling bullet barely misses you.
You hear a shout!
You struggle against the net.
The gnoll hits you from afar with a +0 spear.
You shred the net and break free!
A gnoll comes into view. It is wielding a +0 club.
The gnoll hits you from afar with a +0 spear.
The gnoll throws a throwing net.
The throwing net hits you.
You become entangled in the net!
You see here a throwing net.
You struggle against the net.
You tear a large gash into the net.
The gnoll shoots a sling bullet.
The sling bullet hits you!
The gnoll hits you from afar with a +0 spear.
* * * LOW HITPOINT WARNING * * *
You rip the net and break free!
The gnoll shoots a sling bullet.
The sling bullet hits you!
* * * LOW HITPOINT WARNING * * *
The gnoll barely misses you.
The gnoll shoots a sling bullet.
The sling bullet hits you.
* * * LOW HITPOINT WARNING * * *
It was a potion of enlightenment.
You feel very buoyant.
You fly up into the air.
The gnoll hits you but does no damage.
Your skin crawls.
You feel strong-willed.
You feel the effects of Trog's Hand fading.
A gnoll comes into view. It is wielding a +0 spear.
The gnoll shoots a sling bullet.
The sling bullet hits you!
You die...

....#####.......# ####
#..)...##.......# #..
###....##.......# #.######
#()....#.......#####......#
#......#..............g...#
#......#..........g.......#
##......#.............#....#
...####.####........###...g#
................@gg...##.....>.
........####........##.##.....#
#####.#.# #.........# .##....#
......#.## #.............##...#
#######..#############....
#.... .....)....# ## #.. #...
.########.## #.. #. .# #..# #.#
.# ##.###.#..


You could see 4 gnolls.

Vanquished Creatures
  3 gnolls (D:2)
  4 adders
  A worm (D:3)
  A dart slug (D:1)
  An orc (D:3)
  12 bats
  5 endoplasms
  A giant cockroach (D:3)
  9 hobgoblins
  6 quokkas
  4 ball pythons
  2 frilled lizards
  4 goblins
  6 kobolds
  9 rats
68 creatures vanquished.

Notes
Turn   | Place    | Note
-------+----------+-------------------------------------------
     0 | D:1      | reriks the Ogre Berserker began the quest for the Orb.
     0 | D:1      | Reached XP level 1. HP: 24/24 MP: 1/1
    44 | D:1      | Found a faded altar of an unknown god.
   187 | D:1      | Reached XP level 2. HP: 30/32 MP: 2/2
   782 | D:1      | Reached XP level 3. HP: 40/40 MP: 3/3
   838 | D:1      | Reached ** piety under Trog
  1354 | D:2      | Reached XP level 4. HP: 49/49 MP: 4/4
  1362 | D:2      | Reached skill level 5 in Fighting
  1890 | D:3      | Reached XP level 5. HP: 44/57 MP: 5/5
  2027 | D:3      | Identified the +0 plate armour "Vipsed" {rCorr Str+4}
  2299 | D:3      | Shot with a sling bullet by a gnoll

Illustrated notes

Levels and vault maps discovered:
D:1:      dpeg_arrival_ternary, layout_loops_corners, serial_rivers,
          chequers_serial_rivers_room_a, chequers_serial_rivers_micro_e,
          chequers_serial_rivers_micro_d, chequers_serial_rivers_micro_d,
          shapermc_ecumenical_altar_venn
D:2:      layout_loops_ring, minmay_diced_spiral
D:3:      minmay_recursive_quarters, layout_basic, serial_shops, shop,
          nrook_mini_backslash

Skill      XL: |  1  2  3  4  5 |
---------------+----------------+-----
Dodging        | 3 |  3.7
Fighting       | 5 |  5.5
Axes           | 4 |  4.0

Action                     |  1- 3 |  4- 6 || total
---------------------------+-------+-------++-------
  Melee: Hand axe          |   126 |    84 ||   210
         Punch             |     1 |       ||     1
 Invoke: Berserk           |       |     3 ||     3
         Trog's Hand       |       |     2 ||     2
    Use: Potion            |       |     1 ||     1
   Stab: Sleeping          |     1 |       ||     1
 Armour: Animal skin       |    52 |    18 ||    70
  Dodge: Dodged            |    66 |    50 ||   116

Table legend: (Time is in decaauts)
 A = Elapsed time spent in this place.
 B = Non-inter-level travel time spent in this place.
 C = Inter-level travel time spent in this place.
 D = Time resting spent in this place.
 E = Time spent auto-exploring this place.
 F = Levels seen in this place.
 G = Mean time per level.
                   A        B        C        D        E       F      G
               +--------+--------+--------+--------+--------+-----+--------+
         Total |   2350 |   2312 |     38 |    269 |   1567 |   3 |  783.3 |
       Dungeon |   2350 |   2312 |     38 |    269 |   1567 |   3 |  783.3 |
               +--------+--------+--------+--------+--------+-----+--------+

Top non-repeatable levels by time:
     D:1: 1007 daAuts
     D:2: 909 daAuts
     D:3: 433 daAuts
